 Dungeon Sprint DCSS version 0.21.1-1-g345015f (webtiles) character file.

15957 Psiloshibe the Fencer (level 12, -7/108 HPs)
             Began as a Barachi Berserker on June 2, 2018.
             Was the Champion of Trog.
             Mangled by an ettin
             ... wielding a +0 dire flail
              (28 damage)
             ... in the Dungeon (Sprint IX: "|||||||||||||||||||||||||||||").
             The game lasted 00:09:42 (1756 turns).

Psiloshibe the Fencer (Barachi Berserker)           Turns: 1756, Time: 00:09:44

Health: -7/108     AC: 29    Str: 31    XL:     12   Next: 32%
Magic:  12/12      EV: 13    Int: 10    God:    Trog [******]
Gold:   1476       SH:  0    Dex: 14    Spells: 11/11 levels left

rFire    . . .     SeeInvis .   b - +3 war axe of Faehegy {protect, *Drain rPois rC+ Str+6}
rCold    + + .     Gourm    .   (no shield)
rNeg     . . .     Faith    .   H - +2 plate armour {rC+}
rPois    +         Spirit   .   p - +0 helmet
rElec    .         Reflect  .   (no cloak)
rCorr    .         Harm     .   (no gloves)
MR       ++...     NoTele   +   n - +0 pair of boots
Stlth    ..........             (no amulet)
HPRegen  1.28/turn              r - +3 ring of strength
MPRegen  0.13/turn              s - +3 ring of intelligence

@: protection aura, can't hop, regenerating, slowed, very slow
A: +LOS, swims, slowness 1, strong legs 1
a: Hop, Berserk, Trog's Hand, Brothers in Arms, Burn Spellbooks, Renounce
Religion


You were in the Dungeon.
You worshipped Trog.
Trog was exalted by your worship.
You were very hungry.

You visited 1 branch You collected 1476 gold pieces.

Inventory:

Hand Weapons
 a - a +2 scimitar of flaming
 b - the +3 war axe of Faehegy (weapon) {protect, *Drain rPois rC+ Str+6}
   (You found it in the Dungeon)

   It protects the one who uses it against injury (+AC on strike).
   It affects your strength (+6).
   It protects you from cold.
   It protects you from poison.
   It causes draining when unequipped.
 m - the +2 rapier of the Past {vamp, Str+4}
   (You found it in the Dungeon)

   It inflicts no extra harm, but heals its wielder when it wounds a living foe.
   It affects your strength (+4).
 t - a +1 battleaxe of flaming
 A - a +1 broad axe of draining
 B - a +5 executioner's axe of holy wrath
 C - a +3 antimagic great sword
 F - a +4 antimagic double sword
Missiles
 o - 4 javelins of penetration (quivered)
 q - 7 needles of sleeping
 u - 8 javelins of returning
Armour
 n - a +0 pair of boots (worn)
 p - a +0 helmet (worn)
 H - a +2 plate armour of cold resistance (worn)
Jewellery
 r - a +3 ring of strength (left hand)
 s - a +3 ring of intelligence (right hand)
Wands
 l - a wand of acid (10)
Scrolls
 i - 3 scrolls of blinking
 k - 4 scrolls of remove curse
 x - a scroll of identify
 y - a scroll of fog
 z - 2 scrolls of enchant armour
Potions
 d - 5 potions of curing
 e - 5 potions of heal wounds
 f - a potion of haste
 g - 4 potions of magic
 h - 2 potions of berserk rage
 j - a potion of invisibility
 v - a potion of brilliance
Books
 w - a book of Battle

   Spells                             Type                      Level
   a - Infusion                       Charms                       1
   b - Shroud of Golubria             Charms/Translocation         2
   c - Song of Slaying                Charms                       2
   d - Spectral Weapon                Hexes/Charms                 3
   e - Regeneration                   Charms/Necromancy            3
   Trog disapproves of the use of such an item.
Comestibles
 c - 11 rations
 G - 11 chunks of flesh


   Skills:
 + Level 14.9 Fighting
 + Level 16.2 Long Blades
 + Level 13.5 Axes
 * Level 15.3 Throwing
 + Level 14.8 Armour
 + Level 7.8 Dodging
 + Level 2.1 Stealth


You had 11 spell levels left.
You didn't know any spells.

Dungeon Overview and Level Annotations

Branches:
Dungeon (1/1)

Altars:
Cheibriados
Dithmenos
Elyvilon
Fedhas
Gozag
Hepliaklqana
Kikubaaqudgha
Makhleb
Nemelex Xobeh
Okawaru
Qazlal
Ru
Sif Muna
Trog
Uskayaw
Vehumet
Wu Jian
Xom
Yredelemnul
Zin
The Shining One
Beogh
Jiyva
Lugonu

Shops:
D =:[[


Innate Abilities, Weirdness & Mutations

Shadows flee at your approach. (+LOS)
You can swim through water.
You cover ground slowly.
You can hop short distances.


Message History

You throw a poisoned tomahawk. The poisoned tomahawk hits the ettin!!
The ettin looks as sick as possible!
The ettin is heavily wounded.
Throwing (i - inventory. (,) - cycle):
D - a poisoned tomahawk (quivered)
Press: ? - help, Shift-Dir - straight line, f/p - ettin
Aim: an ettin, wielding two dire flails (heavily wounded, poisoned)
You throw a poisoned tomahawk.
The poisoned tomahawk hits the ettin but does no damage.
The ettin looks as sick as possible!
The ettin is heavily wounded.
You hit the ettin.
Your weapon exudes an aura of protection.
The ettin is severely wounded.
The ettin hits you with a dire flail.
* * * LOW HITPOINT WARNING * * *
The ettin barely misses you.
You hit the ettin.
The ettin is severely wounded.
The ettin misses you. The ettin hits you with a dire flail!!
You die...

▓▓▓▓▓▓▓▓▓▓▓▓▓▓▓▓▓▓▓▓▓▓▓▓▓▓▓▓▓▓▓▓▓
)).....))))..)[.@C..((().$∩$∩$∩$∩
▓▓▓▓▓▓▓▓▓▓▓▓▓▓▓▓▓▓▓▓▓▓▓▓▓▓▓▓▓▓▓▓▓
.........................).......
▓▓▓▓▓▓▓▓▓▓▓▓▓▓▓▓▓▓▓▓▓▓▓▓▓▓▓▓▓▓▓▓▓
.'......†.%†.........'.÷......).?
▓▓▓▓▓▓▓▓▓▓▓▓▓▓▓▓▓▓▓▓▓▓▓▓▓▓▓▓▓▓▓▓▓
.................................
▓▓▓▓▓▓▓▓▓▓▓▓▓▓▓▓▓▓▓▓▓▓▓▓▓▓▓▓▓▓▓▓▓
_____________________'.?|)....[[.


You could see an ettin.

Vanquished Creatures
  A stone giant (D)
  A dire elephant (D)
  An ettin (D)
  Harold (D)
  An ogre mage (D)
  6 deep trolls (D)
  An orc knight (D)
  An orc sorcerer (D)
  7 elephants (D)
  A black mamba (D)
  2 spiny frogs (D)
  A komodo dragon (D)
  3 trolls (D)
  A wraith (D)
  A yak (D)
  2 water moccasins (D)
  14 orc warriors (D)
  2 crocodiles (D)
  A big kobold (D)
  A bullfrog (D)
  A scorpion (D)
  A crimson imp (D)
  A jelly (D)
  3 orc priests (D)
  3 orc wizards (D)
  An iguana (D)
  A worker ant (D)
  An ooze (D)
  7 orcs (D)
  3 bat skeletons (D)
  A bat zombie (D)
  2 hobgoblins (D)
  A kobold (D)
  A ball python (D)
  A jackal zombie (D)
77 creatures vanquished.

Vanquished Creatures (collateral kills)
  An ogre mage (D)
  An elephant (D)
  A black mamba (D)
  A spiny frog (D)
  2 blink frogs (D)
  A water moccasin (D)
  A porcupine (D)
  A crocodile (D)
9 creatures vanquished.

Grand Total: 86 creatures vanquished

Notes
Turn   | Place    | Note
-------+----------+-------------------------------------------
     0 | D        | Psiloshibe the Barachi Berserker began the quest for the Orb.
     0 | D        | Reached XP level 1. HP: 18/18 MP: 1/1
     5 | D        | Reached skill level 4 in Long Blades
     9 | D        | Reached ** piety under Trog
     9 | D        | Reached XP level 2. HP: 17/26 MP: 2/2
   142 | D        | Noticed a crimson imp
   147 | D        | Reached *** piety under Trog
   147 | D        | Reached skill level 5 in Long Blades
   147 | D        | Reached skill level 1 in Throwing
   153 | D        | Reached skill level 5 in Fighting
   162 | D        | Found a roughly hewn altar of Beogh.
   162 | D        | Found a snail-covered altar of Cheibriados.
   162 | D        | Found a shadowy altar of Dithmenos.
   162 | D        | Found a white marble altar of Elyvilon.
   162 | D        | Found a blossoming altar of Fedhas.
   162 | D        | Found an opulent altar of Gozag.
   162 | D        | Found a hazy altar of Hepliaklqana.
   163 | D        | Found a viscous altar of Jiyva.
   164 | D        | Found an ancient bone altar of Kikubaaqudgha.
   165 | D        | Found a corrupted altar of Lugonu.
   166 | D        | Found a burning altar of Makhleb.
   167 | D        | Found a sparkling altar of Nemelex Xobeh.
   168 | D        | Found an iron altar of Okawaru.
   176 | D        | Found a stormy altar of Qazlal.
   177 | D        | Found a sacrificial altar of Ru.
   178 | D        | Found a deep blue altar of Sif Muna.
   179 | D        | Found a bloodstained altar of Trog.
   214 | D        | Found a hide-covered altar of Uskayaw.
   223 | D        | Killed a crimson imp
   223 | D        | Reached skill level 6 in Long Blades
   223 | D        | Reached XP level 3. HP: 16/34 MP: 3/3
   224 | D        | Found a radiant altar of Vehumet.
   225 | D        | Found an ornate altar of the Wu Jian Council.
   226 | D        | Found a shimmering altar of Xom.
   227 | D        | Found a basalt altar of Yredelemnul.
   228 | D        | Found a glowing silver altar of Zin.
   229 | D        | Found a glowing golden altar of the Shining One.
   247 | D        | Got the +2 rapier of the Past {vamp, Str+4}
   247 | D        | Got the +3 war axe of Faehegy {protect, *Drain rPois rC+ Str+6}
   382 | D        | Noticed a wraith
   382 | D        | Noticed an orc warrior
   382 | D        | Noticed a troll
   383 | D        | Reached **** piety under Trog
   388 | D        | Killed a wraith
   388 | D        | Reached skill level 9 in Long Blades
   388 | D        | Reached XP level 4. HP: 44/44 MP: 4/4
   388 | D        | Reached XP level 5. HP: 49/49 MP: 5/5
   392 | D        | Killed an orc warrior
   392 | D        | Reached skill level 10 in Long Blades
   392 | D        | Reached skill level 5 in Throwing
   392 | D        | Reached skill level 5 in Dodging
   392 | D        | Reached XP level 6. HP: 57/57 MP: 6/6
   396 | D        | Reached ***** piety under Trog
   396 | D        | Reached skill level 11 in Long Blades
   399 | D        | Killed a troll
   399 | D        | Reached skill level 12 in Long Blades
   399 | D        | Reached XP level 7. HP: 54/64 MP: 7/7
   428 | D        | Received a gift from Trog
   436 | D        | Received a gift from Trog
   438 | D        | Reached skill level 10 in Fighting
   438 | D        | Reached skill level 13 in Long Blades
   442 | D        | Received a gift from Trog
   571 | D        | Noticed a komodo dragon
   571 | D        | Noticed a spiny frog
   571 | D        | Noticed a yak
   575 | D        | Reached XP level 8. HP: 68/72 MP: 8/8
   581 | D        | Noticed an elephant
   581 | D        | Reached skill level 5 in Armour
   595 | D        | Killed a komodo dragon
   595 | D        | Reached skill level 14 in Long Blades
   601 | D        | Killed a spiny frog
   601 | D        | Reached skill level 1 in Stealth
   823 | D        | Killed a yak
   823 | D        | Reached skill level 15 in Long Blades
   823 | D        | Reached XP level 9. HP: 61/81 MP: 9/9
   828 | D        | Received a gift from Trog
   838 | D        | Killed an elephant
  1081 | D        | Noticed a spiny frog
  1081 | D        | Noticed a black mamba
  1081 | D        | Noticed a spiny frog
  1084 | D        | Noticed a black mamba
  1093 | D        | Killed a spiny frog
  1103 | D        | Killed a black mamba
  1103 | D        | Reached skill level 5 in Axes
  1114 | D        | Received a gift from Trog
  1116 | D        | Killed a spiny frog
  1116 | D        | Reached XP level 10. HP: 42/89 MP: 10/10
  1117 | D        | Reached skill level 10 in Throwing
  1118 | D        | Killed a black mamba
  1138 | D        | Noticed an elephant
  1138 | D        | Noticed an elephant
  1138 | D        | Noticed an elephant
  1138 | D        | Noticed an elephant
  1138 | D        | Noticed an elephant
  1138 | D        | Noticed an elephant
  1138 | D        | Noticed a dire elephant
  1142 | D        | Killed an elephant
  1142 | D        | Received a gift from Trog
  1142 | D        | Reached skill level 10 in Armour
  1150 | D        | Killed an elephant
  1150 | D        | Killed an elephant
  1150 | D        | Received a gift from Trog
  1150 | D        | Reached skill level 16 in Long Blades
  1151 | D        | Noticed an elephant
  1152 | D        | Killed an elephant
  1153 | D        | Killed a dire elephant
  1154 | D        | Killed an elephant
  1154 | D        | Killed an elephant
  1154 | D        | Reached skill level 10 in Axes
  1155 | D        | Killed an elephant
  1155 | D        | Reached XP level 11. HP: 78/98 MP: 11/11
  1213 | D        | Noticed Harold
  1220 | D        | Killed Harold
  1220 | D        | Reached ****** piety under Trog
  1220 | D        | Received a gift from Trog
  1335 | D        | Received a gift from Trog
  1340 | D        | Received a gift from Trog
  1589 | D        | Noticed an orc knight
  1589 | D        | Noticed an orc sorcerer
  1594 | D        | Killed an orc sorcerer
  1601 | D        | Received a gift from Trog
  1605 | D        | Killed an orc knight
  1674 | D        | Found Sawnam's Jewellery Emporium.
  1674 | D        | Noticed a deep troll
  1674 | D        | Noticed an ettin
  1674 | D        | Noticed a deep troll
  1674 | D        | Noticed a deep troll
  1674 | D        | Noticed a stone giant
  1675 | D        | Found Xerauv's Book Shoppe.
  1675 | D        | Noticed a deep troll
  1676 | D        | Noticed a deep troll
  1677 | D        | Killed a deep troll
  1679 | D        | Killed a deep troll
  1679 | D        | Received a gift from Trog
  1680 | D        | Killed a stone giant
  1680 | D        | Killed a deep troll
  1681 | D        | Killed a deep troll
  1685 | D        | Killed a deep troll
  1685 | D        | Reached XP level 12. HP: 92/108 MP: 12/12
  1688 | D        | Killed an ettin
  1694 | D        | Found Huut's Armour Emporium.
  1698 | D        | Found Gupnexteqi's Armour Shoppe.
  1711 | D        | Noticed an ogre mage
  1721 | D        | Received a gift from Trog
  1723 | D        | Noticed an ogre mage
  1725 | D        | Reached skill level 15 in Throwing
  1734 | D        | Noticed an ettin
  1736 | D        | Killed an ogre mage
  1749 | D        | Killed an ogre mage
  1756 | D        | Mangled by an ettin

Skill      XL: |  1  2  3  4  5  6  7  8  9 10 11 12 |
---------------+-------------------------------------+-----
Fighting       | 4 5 7 8 9 10 11 12 13 14 | 14.9
Long Blades    | 4 6 9 10 12 13 15 16 | 16.2
Throwing       | 2 4 5 6 7 8 9 11 14 15 | 15.3
Armour         | 3 4 6 9 12 14 | 14.8
Dodging        | 3 4 5 6 7 |  7.8
Stealth        | 1 2 |  2.1
Axes           | 6 10 12 13 | 13.5

Action                   |  1- 3 |  4- 6 |  7- 9 | 10-12 || total
-------------------------+-------+-------+-------+-------++-------
Melee: Falchion          |    53 |       |       |       ||    53
       Scimitar          |     4 |     9 |    50 |       ||    63
       War axe           |       |       |    51 |    95 ||   146
Throw: Javelin           |       |       |       |    27 ||    27
       Tomahawk          |       |       |       |     8 ||     8
       Throwing net      |       |       |       |     1 ||     1
Invok: Trog's Hand       |     2 |       |     5 |     5 ||    12
       Berserk           |     1 |       |       |       ||     1
       Brothers in Arms  |       |       |     2 |     1 ||     3
 Abil: Hop               |       |       |     1 |     1 ||     2
  Use: Potion            |       |       |       |     1 ||     1
  Eat: Chunk             |       |       |     4 |     5 ||     9
Armor: Animal skin       |    14 |       |       |       ||    14
       Chain mail        |     1 |     2 |       |       ||     3
       Plate armour      |       |       |    60 |    56 ||   116
Dodge: Dodged            |    45 |     1 |    47 |    62 ||   155
       Rpst.: Falchion   |    18 |       |       |       ||    18
       Scimitar          |     1 |       |     6 |       ||     7
